 Dungeon Crawl Stone Soup version 0.29.1-12-g30fa7ad0bf (webtiles) character file.

Game seed: 11442262165000192628

1040 Descartes the Shield-Bearer (level 8, 0/58 HPs)
             Began as a Formicid Fighter on Dec 19, 2022.
             Was an Initiate of Gozag.
             Slain by Maggie
             ... wielding a +1 long sword of flaming
              (7 damage)
             ... on level 6 of the Dungeon.
             The game lasted 00:05:33 (5430 turns).

Descartes the Shield-Bearer (Formicid Fighter)      Turns: 5430, Time: 00:05:33

Health: 0/58       AC: 14    Str: 24    XL:     8   Next: 49%
Magic:  8/8        EV:  6    Int:  7    God:    Gozag
Gold:   386        SH:  5    Dex:  9    Spells: 7/7 levels left

rFire   . . .      SeeInvis +   a - +0 war axe
rCold   + . .      Faith    .   c - +0 buckler
rNeg    + + .      Spirit   .   z - +2 plate armour "Surogg" {rElec rN++ Dex-4 Stlth+}
rPois   .          Reflect  .   (helmet unavailable)
rElec   +          Harm     .   (no cloak)
rCorr   .          Rampage  .   (no gloves)
Will    .....                   (no boots)
Stlth   ..........              j - amulet of magic regeneration
HPRegen 0.19/turn               v - ring of protection from cold
MPRegen 0.51/turn               h - ring of flight

@: flying, mesmerised
A: permanent stasis, dig shafts and tunnels, antennae 3, four strong arms
a: Dig, Shaft Self, Renounce Religion, Potion Petition, Call Merchant, Bribe
Branch


You were on level 6 of the Dungeon.
You worshipped Gozag.
Gozag was aware of your devotion.
You visited 2 branches of the dungeon, and saw 7 of its levels.

You collected 467 gold pieces.
You paid 81 gold pieces to Gozag.

Inventory:

Hand Weapons
 a - a +0 war axe (weapon)
Missiles
 n - 11 poisoned darts
 p - 6 boomerangs
Armour
 b - a +0 scale mail
 c - a +0 buckler (worn)
 q - a +0 chain mail
 s - a scarf of harm
 z - the +2 plate armour "Surogg" (worn) {rElec rN++ Dex-4 Stlth+}
   (You found it on level 5 of the Dungeon)

   Dex:       It affects your dexterity (-4).
   rElec:     It insulates you from electricity.
   rN:        It greatly protects you from negative energy.
   Stlth:     It makes you more stealthy.
Jewellery
 h - a ring of flight (right hand)
 j - an amulet of magic regeneration (around neck)
 v - a ring of protection from cold (left hand)
Wands
 y - a wand of quicksilver (6)
 A - a wand of polymorph (4)
Scrolls
 g - a scroll of silence {unknown}
 k - 2 scrolls of enchant armour {unknown}
 l - 4 scrolls of teleportation {unknown}
 m - 3 scrolls of identify {unknown}
 o - a scroll of summoning {unknown}
 r - a scroll of blinking {unknown}
 t - a scroll of magic mapping {unknown}
 u - a scroll of noise {unknown}
 w - a scroll of enchant weapon {unknown}
 B - a scroll of butterflies {unknown}
Potions
 d - a potion of might
 e - 2 potions of curing {unknown}
 f - a potion of invisibility
 i - 2 potions of heal wounds {unknown}
 x - a potion of flight {unknown}


   Skills:
 - Level 3.2 Fighting
 + Level 4.5 Axes
 + Level 5.6 Armour
 + Level 6.8 Shields
 + Level 3.5 Translocations
 + Level 4.2 Evocations


You had 7 spell levels left.
You didn't know any spells.
Your spell library contained the following spells:

 Spells                   Type           Power      Damage    Failure   Level
 Sandblast                Erth           0%         2d4       100%        1
 Slow                     Hex            0%         N/A       100%        1
 Passwall                 Tmut/Erth      0%         N/A       100%        2
 Confusing Touch          Hex            0%         N/A       100%        3
 Ozocubu's Armour         Ice            0%         N/A       100%        3
 Stone Arrow              Conj/Erth      0%         3d7       100%        3
 Vampiric Draining        Necr           0%         2d6       100%        3
 Airstrike                Air            0%         2d(0-16)  100%        4
 Summon Lightning Spire   Summ/Air       0%         N/A       100%        4
 Fireball                 Conj/Fire      0%         3d3       100%        5
 Iskenderun's Battlesphe  Conj           0%         2d6       100%        5
 Lightning Bolt           Conj/Air       0%         1d11      100%        5
 Metabolic Englaciation   Hex/Ice        0%         N/A       100%        5
 Conjure Ball Lightning   Conj/Air       0%         3x3d6     100%        6
 Orb of Destruction       Conj           0%         9d5       100%        7
 Simulacrum               Ice/Necr       Unusable   N/A       N/A         6

Dungeon Overview and Level Annotations

Branches:
Dungeon (6/15)             Temple (1/1) D:4

Altars:
Ashenzari
Dithmenos
Elyvilon
Fedhas
Gozag
Hepliaklqana
Kikubaaqudgha
Makhleb
Nemelex Xobeh
Okawaru
Qazlal
Ru
Sif Muna
Trog
Uskayaw
Vehumet
Wu Jian
Xom
Yredelemnul
Zin
The Shining One

Annotations:
D:6 Maggie


Innate Abilities, Weirdness & Mutations

You cannot be hasted, slowed, berserked, paralysed or teleported.
You can dig through walls and to a lower floor.
You have a pair of large antennae on your head. (SInv)
Your four strong arms can wield two-handed weapons with a shield.


Message History

You are too injured to fight recklessly!
You barely miss Maggie.
Maggie is moderately wounded.
You block Maggie's attack.
You hit Maggie but do no damage.
Maggie is moderately wounded.
You block Maggie's attack.
You closely miss Maggie.
Maggie is moderately wounded.
Maggie mumbles some strange words.
Maggie draws you further into her thrall.
Maggie barely misses you.
You hit Maggie.
Maggie is moderately wounded.
Maggie mumbles some strange words.
Maggie draws you further into her thrall.
Unknown command.
You cannot move away from Maggie!
Unknown command.
You barely miss Maggie.
Maggie is moderately wounded.
Maggie casts a spell at you. The bolt of fire hits you.
You hit Maggie.
Maggie is moderately wounded.
Maggie closely misses you.
Maggie hits you with a +1 long sword of flaming.
Maggie burns you.
You barely miss Maggie.
Maggie is moderately wounded.
Maggie hits you with a +1 long sword of flaming!
* * * LOW HITPOINT WARNING * * *
Maggie burns you.
* * * LOW HITPOINT WARNING * * *
Unknown command.
You hit Maggie.
Maggie is heavily wounded.
Maggie hits you with a +1 long sword of flaming!
You die...
Your body crumbles into a pile of gold.

$ { ##.##.# .≈ $
####..#..# $
#.......# $ $
#.....#..... $ $
#####...#.#......
$ $
#................
#.###.....#.###..
##.#>...#..#.# .
#.....@......#
#....@###..#.#
#...... ...<.
#...... #...
#...... ...
##....= .. #.....
#.....


You could see Maggie (mesmerising).

Vanquished Creatures
  Sigmund (D:6)
  An ogre (D:4)
  A bullfrog (D:6)
  3 scorpions
  A necrophage (D:5)
  2 orc priests
  5 hounds
  5 iguanas
  8 adders
  A white imp (D:4)
  An ufetubus (D:5)
  3 worms
  2 dart slugs (D:4)
  7 orcs
  10 ball pythons
  6 endoplasms
  3 giant cockroaches
  A goblin (D:4)
  3 hobgoblins
  7 kobolds
  3 quokkas
  3 bats
  3 frilled lizards
  4 rats
84 creatures vanquished.

Notes
Turn   | Place    | Note
-------+----------+-------------------------------------------
     0 | D:1      | Descartes the Formicid Fighter began the quest for the Orb.
     0 | D:1      | Reached XP level 1. HP: 18/18 MP: 1/1
   858 | D:2      | Reached XP level 2. HP: 24/24 MP: 2/2
   971 | D:2      | Reached XP level 3. HP: 29/29 MP: 3/3
  1006 | D:2      | Reached skill level 1 in Evocations
  1067 | D:2      | Found a faded altar of an unknown god.
  1286 | D:2      | Reached skill level 1 in Translocations
  1418 | D:2      | Found a white marble altar of Elyvilon.
  1486 | D:2      | Reached XP level 4. HP: 35/35 MP: 4/4
  1934 | D:3      | Found an iron altar of Okawaru.
  2074 | D:3      | Reached XP level 5. HP: 41/41 MP: 5/5
  2860 | D:4      | Reached skill level 5 in Shields
  2972 | D:4      | Reached XP level 6. HP: 28/47 MP: 6/6
  3539 | D:4      | Found a broken altar of Ashenzari.
  3540 | D:4      | Found a stormy altar of Qazlal.
  3584 | D:4      | Found a shimmering altar of Xom.
  3829 | D:4      | Reached XP level 7. HP: 8/52 MP: 7/7
  4139 | D:4      | Found a staircase to the Ecumenical Temple.
  4157 | Temple   | Entered the Ecumenical Temple
  4175 | Temple   | Became a worshipper of Gozag Ym Sagoz the Greedy
  4453 | D:5      | Entered Level 5 of the Dungeon
  4510 | D:5      | Reached skill level 6 in Shields
  4726 | D:5      | Reached skill level 5 in Armour
  4745 | D:5      | Identified the +2 plate armour "Surogg" {rElec rN++ Dex-4
                  | Stlth+}
  4908 | D:5      | You are sucked into a shaft and drop 1 floor!
  4996 | D:6      | Reached XP level 8. HP: 37/58 MP: 8/8
  5253 | D:6      | Found a white marble altar of Elyvilon.
  5363 | D:6      | Noticed Sigmund
  5368 | D:6      | Killed Sigmund
  5405 | D:6      | Noticed Maggie
  5430 | D:6      | Slain by Maggie

Illustrated notes

Levels and vault maps discovered:
D:1:      pf_arrival_petrified_forest, layout_loops_ring, chequers_garden,
          nrook_loot_triangle, minmay_misc_feat_rugged, grunt_decor_fettered
D:2:      layout_basic, nicolae_ecumenical_snake_handling, basic_altar
D:3:      layout_loops_cross, okawaru_gym_becter
D:4:      layout_rooms, mainiacjoe_overflow_24_doors,
          gammafunk_temple_overflow_pools, minmay_temple_entry_statues
D:5:      layout_rooms, kennysheep_slug_shrine, nicolae_fountain_basement,
          uniq_eustachio, uniq_crazy_yiuf_cottage
D:6:      minmay_polygon_palace, layout_basic, amcnicky_altar_gilded,
          minmay_misc_feat_hallway, grunt_decor_junction, uniq_sigmund,
          uniq_maggie
Temple:   nicolae_temple_x_marks_the_god

Skill      XL: |  1  2  3  4  5  6  7  8 |
---------------+-------------------------+-----
Evocations     | 1 2 3 4 |  4.2
Translocations | 1 2 3 |  3.5
Armour         | 4 5 |  5.6
Axes           | 3 4 |  4.5
Shields        | 5 6 |  6.8
Fighting       | |  3.2

Action                   |  1- 3 |  4- 6 |  7- 9 || total
-------------------------+-------+-------+-------++-------
Melee: War axe           |    58 |   139 |   131 ||   328
Armor: Scale mail        |    32 |       |       ||    32
       Chain mail        |       |    89 |    22 ||   111
       Plate armour      |       |       |    55 ||    55
Dodge: Dodged            |    26 |    52 |    54 ||   132
Block: Buckler           |    10 |    36 |    35 ||    81
